 Dungeon Crawl Stone Soup version 0.22-a0-603-gfc1114d (webtiles) character file.

22506 Hebeh the Spear-Bearer (level 12, -6/108 HPs)
             Began as a Minotaur Fighter on July 7, 2018.
             Was a Believer of Trog.
             Mangled by Rupert
             ... wielding a +2 battleaxe of electrocution
              (14 damage)
             ... on level 3 of the Lair of Beasts.
             The game lasted 00:47:38 (13743 turns).

Hebeh the Spear-Bearer (Minotaur Fighter)          Turns: 13743, Time: 00:47:38

Health: -6/108     AC: 24    Str: 26    XL:     12   Next: 63%
Magic:  14/14      EV:  9    Int:  5    God:    Trog [**....]
Gold:   551        SH: 13    Dex: 10    Spells: 11/11 levels left

rFire    . . .     SeeInvis .   a - +3 spear (freeze)
rCold    + . .     Gourm    .   c - +1 shield
rNeg     . . .     Faith    .   y - +7 Kryia's mail coat {PotionHeal*2 rC+}
rPois    .         Spirit   .   w - +2 hat
rElec    .         Reflect  .   D - scarf {cloud immunity}
rCorr    .         Harm     .   j - +0 pair of gloves
MR       .....                  Q - +0 pair of boots
Stlth    ..........             (no amulet)
HPRegen  0.28/turn              u - +4 ring of protection
MPRegen  0.14/turn              (no ring)

@: no status effects
A: retaliatory headbutt, horns 2
a: Berserk, Trog's Hand, Renounce Religion


You were on level 3 of the Lair of Beasts.
You worshipped Trog.
Trog was pleased with you.
You were not hungry.

You visited 3 branches of the dungeon, and saw 14 of its levels.

You collected 791 gold pieces.
You spent 240 gold pieces at shops.

Inventory:

Hand Weapons
 a - a +3 spear of freezing (weapon)
 b - a +0 hunting sling
 v - a +0 war axe
 A - a +2 flail of draining
Missiles
 h - 321 stones (quivered)
 r - 61 sling bullets
Armour
 c - a +1 shield (worn)
 j - a +0 pair of gloves (worn)
 w - a +2 hat (worn)
 y - the +7 Kryia's mail coat (worn) {PotionHeal*2 rC+}
   (You acquired it on level 10 of the Dungeon)

   It protects you from cold.
 z - a +4 chain mail
 D - a scarf of cloud immunity (worn)
 N - a +0 chain mail of poison resistance
 Q - a +0 pair of boots (worn)
 Z - a +1 hat of see invisible
Jewellery
 u - a +4 ring of protection (left hand)
 O - an uncursed ring of protection from cold {unknown}
 T - an uncursed ring of protection from cold {unknown}
 W - an uncursed ring of ice {unknown}
Wands
 i - a wand of disintegration (17)
 I - a wand of digging (14)
 J - a wand of paralysis (14)
 M - a wand of random effects (28)
 P - a wand of flame (16)
 X - a wand of iceblast (9)
 Y - a wand of enslavement (17)
Scrolls
 g - 4 scrolls of enchant weapon
 m - 5 scrolls of identify
 o - 6 scrolls of magic mapping
 q - 5 scrolls of teleportation
 s - 6 scrolls of remove curse
 x - 2 scrolls of enchant armour
 F - a scroll of blinking {unknown}
 L - a scroll of fear {unknown}
Potions
 d - 2 potions of might
 e - 4 potions of flight
 k - 2 potions of agility
 l - a potion of ambrosia {unknown}
 n - 6 potions of curing
 t - a potion of cancellation
 B - a potion of berserk rage
 E - 2 potions of haste
 G - 3 potions of heal wounds
 H - 3 potions of lignification
 R - 2 potions of degeneration {unknown}
 S - a potion of magic
 U - a potion of resistance {unknown}
Miscellaneous
 p - a fan of gales
 V - a lightning rod (4/4)
Comestibles
 f - 21 rations
 C - a chunk of flesh


   Skills:
 + Level 10.8 Fighting
 - Level 4.3(9.9) Axes
 * Level 13.4(13.7) Polearms
 - Level 6.5(7.6) Slings
 + Level 5.4(6.7) Throwing
 + Level 10.7 Armour
 + Level 10.8 Shields
 + Level 4.8 Evocations


You had 11 spell levels left.
You didn't know any spells.
Your spell library contained the following spells:

 Spells                   Type           Power        Failure   Level  Hunger
 Summon Small Mammal      Summ           #...         87%         1    ##.....
 Summon Ice Beast         Ice/Summ       #.......     100%        4    #####..
 Call Imp                 Summ           #.......     95%         2    ###....
 Call Canine Familiar     Summ           #.......     99%         3    ####...
 Summon Lightning Spire   Summ/Air       #.......     100%        4    #####..
 Summon Guardian Golem    Hex/Summ       #.......     99%         3    ####...


Dungeon Overview and Level Annotations

Branches:
Dungeon (10/15)            Temple (1/1) D:6            Lair (3/6) D:10
 Shoals (0/4) Lair:3        Snake (0/4) Lair:3
    Orc: D:9-12

Altars:
Ashenzari
Cheibriados
Dithmenos
Elyvilon
Fedhas
Gozag
Hepliaklqana
Kikubaaqudgha
Makhleb
Nemelex Xobeh
Okawaru
Qazlal
Ru
Sif Muna
Trog
Uskayaw
Vehumet
Wu Jian
Xom
Yredelemnul
Zin
The Shining One

Shops:
D:7 !

Portals:
Trove: D:10 (give horn of Geryon)

Annotations:
D:4 1 runed door, KristoblXynda's ghost, amateur SpEn
D:6 1 runed door, Amnesiac's ghost, novice SpAr
Lair:2 exclusion: 2 oklob plants
Lair:3 Rupert


Innate Abilities, Weirdness & Mutations

You reflexively headbutt those who attack you in melee.
You have a pair of horns on your head.


Message History

Rupert is heavily wounded.
You barely miss Rupert.
Rupert is heavily wounded.
You block Rupert's attack.
You puncture Rupert! You freeze Rupert. Your headbutt misses Rupert.
Rupert is heavily wounded.
You puncture Rupert! You freeze Rupert.
Rupert is severely wounded.
Rupert closely misses you.
You hit Rupert. You freeze Rupert.
Rupert is severely wounded.
You block Rupert's attack.
You hit Rupert. You freeze Rupert. You headbutt Rupert!
Rupert is severely wounded.
You hit Rupert. You freeze Rupert.
Rupert is severely wounded.
Rupert hits you with a battleaxe of electrocution!!
* * * LOW HITPOINT WARNING * * *
You are electrocuted!
You die...

### #.###
##.#.#####.###
..P####
#.............
.......
#....#.####.#
###### #P.P##.#
.## #
#..###.######....#
#..##........#
##.###..@@..##
#..#........#
#..###...#### #.##
#####
##..##.#####. #
#............ #
##........... .
#........... .
#...........


You could see Rupert (berserk).

Vanquished Creatures
  Gastronok (Lair:3)
  A hydra (Lair:3)
  5 two-headed ogres
  Nergalle (Lair:3)
  8 spiny frogs
  A centaur skeleton (D:10)
  3 komodo dragons
  2 rime drakes (Lair:2)
  4 polar bears (Lair:2)
  4 blink frogs (Lair:2)
  6 hippogriffs
  5 dream sheep (Lair:3)
  Sigmund (D:6)
  A wyvern (D:9)
  13 yaks
  A hungry ghost (D:9)
  3 basilisks
  A naga (Lair:3)
  Edmund (D:6)
  2 porcupines (Lair:2)
  4 water moccasins
  2 ice beasts
  3 orc warriors
  5 phantoms
  5 sky beasts
  4 centaurs
  6 ogres
  11 wolves (Lair:1)
  5 crocodiles
  7 bullfrogs
  A water moccasin zombie (D:7)
  2 scorpions
  4 killer bees (D:10)
  3 wights (D:6)
  5 howler monkeys
  5 crimson imps
  A bullfrog skeleton (D:10)
  2 jellies
  9 orc wizards
  3 hounds
  2 iguanas
  4 worker ants
  A worker ant zombie (D:10)
  A howler monkey skeleton (D:5)
  14 adders
  An ooze (D:4)
  An adder zombie (D:9)
  3 worms
  2 dart slugs (D:4)
  2 leopard geckos
  26 orcs
  4 bats
  16 giant cockroaches
  15 goblins
  8 hobgoblins
  13 jackals
  10 kobolds
  7 quokkas
  7 ball pythons (D:2)
  8 frilled lizards
  A jackal zombie (D:7)
  A quokka zombie (D:6)
  6 rats
304 creatures vanquished.

Vanquished Creatures (others)
  A scorpion (D:5)
  A hound (D:5)
  An orc wizard (D:5)
  An orc (D:5)
  A frilled lizard (D:5)
  20 plants
25 creatures vanquished.

Grand Total: 329 creatures vanquished

Notes
Turn   | Place    | Note
-------+----------+-------------------------------------------
     0 | D:1      | Hebeh the Minotaur Fighter began the quest for the Orb.
     0 | D:1      | Reached XP level 1. HP: 19/19 MP: 0/0
    77 | D:1      | Reached XP level 2. HP: 23/27 MP: 1/1
   609 | D:1      | Reached XP level 3. HP: 33/33 MP: 2/2
   696 | D:2      | Found an iron altar of Okawaru.
   799 | D:2      | Found an opulent altar of Gozag.
   872 | D:2      | Reached XP level 4. HP: 40/40 MP: 3/3
  1020 | D:2      | Found a faded altar of an unknown god.
  1070 | D:2      | Found a burning altar of Makhleb.
  1070 | D:2      | Noticed a green death
  1073 | D:2      | Noticed an orange demon
  1073 | D:2      | Noticed a neqoxec
  1502 | D:3      | Reached XP level 5. HP: 47/47 MP: 4/4
  1522 | D:3      | Found a stormy altar of Qazlal.
  1534 | D:3      | Found a sparkling altar of Nemelex Xobeh.
  1700 | D:3      | Found a sacrificial altar of Ru.
  1702 | D:3      | Reached skill level 1 in Polearms
  1724 | D:3      | Noticed an ogre
  1742 | D:3      | Killed an ogre
  1742 | D:3      | Reached skill level 2 in Polearms
  1742 | D:3      | Reached skill level 1 in Slings
  2155 | D:3      | Reached XP level 6. HP: 55/55 MP: 5/5
  2350 | D:4      | Found a runed door.
  2351 | D:4      | Noticed KristoblXynda's ghost (amateur SpEn)
  2608 | D:4      | Reached skill level 5 in Fighting
  2608 | D:4      | Reached skill level 5 in Shields
  2631 | D:4      | Reached skill level 3 in Polearms
  2631 | D:4      | Reached skill level 5 in Armour
  3026 | D:4      | Found a shadowy altar of Dithmenos.
  3199 | D:5      | Entered Level 5 of the Dungeon
  3284 | D:5      | Reached XP level 7. HP: 60/61 MP: 6/6
  3367 | D:5      | Reached skill level 4 in Polearms
  3478 | D:5      | Found a shimmering altar of Xom.
  3930 | D:5      | Found a basalt altar of Yredelemnul.
  4127 | D:6      | Noticed Edmund
  4133 | D:6      | Reached skill level 5 in Polearms
  4150 | D:6      | Killed Edmund
  4150 | D:6      | Reached XP level 8. HP: 51/70 MP: 7/7
  4314 | D:6      | Found a staircase to the Ecumenical Temple.
  4326 | Temple   | Entered the Ecumenical Temple
  4455 | D:6      | Reached skill level 6 in Polearms
  4519 | D:6      | Noticed Sigmund
  4552 | D:6      | Killed Sigmund
  4661 | D:6      | Found a runed door.
  4661 | D:6      | Noticed Amnesiac's ghost (novice SpAr)
  4784 | D:6      | Found a glowing golden altar of the Shining One.
  4801 | D:6      | Reached skill level 7 in Polearms
  4834 | D:6      | Reached XP level 9. HP: 22/78 MP: 8/8
  5603 | D:7      | Found a sparkling altar of Nemelex Xobeh.
  5676 | D:7      | Reached skill level 8 in Polearms
  5766 | D:7      | Found Nidacots's Distillery.
  5769 | D:7      | Bought a potion of curing for 36 gold pieces
  5769 | D:7      | Bought 2 potions of curing for 72 gold pieces
  5769 | D:7      | Bought a potion of curing for 36 gold pieces
  5769 | D:7      | Bought a potion of curing for 36 gold pieces
  5769 | D:7      | Bought a potion of heal wounds for 60 gold pieces
  5787 | D:7      | Reached skill level 5 in Slings
  6453 | D:8      | Reached skill level 9 in Polearms
  6458 | D:8      | Found a hazy altar of Hepliaklqana.
  6488 | D:8      | Noticed a two-headed ogre
  6500 | D:8      | Killed a two-headed ogre
  6500 | D:8      | Reached XP level 10. HP: 54/88 MP: 9/9
  6727 | D:8      | Noticed a two-headed ogre
  6738 | D:8      | Killed a two-headed ogre
  6738 | D:8      | Reached skill level 10 in Polearms
  6751 | D:8      | Noticed a two-headed ogre
  6765 | D:8      | Killed a two-headed ogre
  7247 | D:9      | Noticed a two-headed ogre
  7257 | D:9      | Killed a two-headed ogre
  7257 | D:9      | Reached skill level 1 in Throwing
  7257 | D:9      | Reached skill level 1 in Evocations
  7333 | D:9      | Found a snail-covered altar of Cheibriados.
  7661 | D:9      | Noticed a two-headed ogre
  7679 | D:9      | Killed a two-headed ogre
  7679 | D:9      | Reached skill level 11 in Polearms
  7679 | D:9      | Reached XP level 11. HP: 97/97 MP: 11/11
  8062 | D:9      | Found a bloodstained altar of Trog.
  8400 | D:9      | Became a worshipper of Trog the Wrathful
  8770 | D:10     | Entered Level 10 of the Dungeon
  8825 | D:10     | Identified a scroll of acquirement
  8826 | D:10     | Found the +7 Kryia's mail coat {PotionHeal*2 rC+}
  8826 | D:10     | Found a portal to a secret trove of treasure.
  8868 | D:10     | Found a staircase to the Lair.
  9489 | Lair:1   | Entered Level 1 of the Lair of Beasts
  9619 | Lair:1   | Reached * piety under Trog
 10548 | Lair:2   | Reached skill level 12 in Polearms
 10899 | Lair:2   | Reached skill level 10 in Shields
 10906 | Lair:2   | Reached skill level 10 in Fighting
 11166 | Lair:2   | Reached skill level 10 in Armour
 11597 | Lair:2   | Reached XP level 12. HP: 94/106 MP: 13/13
 12261 | Lair:3   | Noticed a six-headed hydra
 12272 | Lair:3   | Killed a six-headed hydra
 12609 | Lair:3   | Found a staircase to the Shoals.
 12644 | Lair:3   | Noticed Nergalle
 12669 | Lair:3   | Killed Nergalle
 12669 | Lair:3   | Reached skill level 13 in Polearms
 12802 | Lair:3   | Reached skill level 5 in Throwing
 12867 | Lair:3   | Reached ** piety under Trog
 13501 | Lair:3   | Found a staircase to the Snake Pit.
 13503 | Lair:3   | Noticed Gastronok
 13536 | Lair:3   | Killed Gastronok
 13716 | Lair:3   | Noticed Rupert
 13743 | Lair:3   | Mangled by Rupert

Vault maps used:
D:1:      mrwooster_arrival_statue, minmay_misc_feat_square
D:2:      minmay_roachtagon, makhleb_altar_promises_db, okawaru_metal_pillars_3,
          nicolae_gozag_seed_capital, chequers_ecumenical_altar_grove,
          minmay_snake_closets
D:3:      nicolae_ru_awakened_eye, old_standard_altar, grunt_qazlal_sundering
D:4:      minmay_diamond_boxcup, nicolae_dithmenos_through_a_glass_darkly,
          first_ration, ebering_ghost_sewer_d
D:5:      kennysheep_little_box, xom_confusion_cloud
D:6:      tso_altar, minmay_temple_entry_junction_2,
          hellmonk_ghost_happy_afterlife, uniq_edmund, uniq_sigmund
D:7:      serial_shops, shop, grunt_ogre_cave, nemelex_lonely_heart_becter
D:8:      old_standard_altar
D:9:      lemuel_round_altar, lemuel_coloured_pillars_altar
D:10:     lair_entry_dummy, nicolae_trove_entry_columns, kennysheep_another_room
Temple:   zaba_magenta_temple
Lair:2:   portal_ice_cave_rime, cheibrodos_lair_lostbears, grunt_megastairs_4,
          minmay_lair_oklob_chamber
Lair:3:   minmay_shoals_entry_centaurs, guppyfry_snake_entry_garden,
          uniq_gastronok, uniq_nergalle, uniq_rupert

Skill      XL: |  1  2  3  4  5  6  7  8  9 10 11 12 |
---------------+-------------------------------------+-----
Axes           | 3 4 |  4.3
Armour         | 4 5 6 8 9 10 | 10.7
Fighting       | 4 5 6 8 9 10 | 10.8
Shields        | 4 5 6 8 9 10 | 10.8
Polearms       | 2 3 5 7 9 11 12 13 | 13.4
Slings         | 1 2 3 4 5 6 |  6.5
Throwing       | 2 4 5 |  5.4
Evocations     | 1 3 4 |  4.8

Action                   |  1- 3 |  4- 6 |  7- 9 | 10-12 || total
-------------------------+-------+-------+-------+-------++-------
Melee: War axe           |   122 |    42 |       |       ||   164
       Headbutt          |    11 |    22 |    65 |   153 ||   251
       Spear             |       |   115 |   431 |   758 ||  1304
 Fire: Hunting sling     |       |       |       |     7 ||     7
Invok: Berserk           |       |       |       |     1 ||     1
       Trog's Hand       |       |       |       |     1 ||     1
  Use: Scroll            |       |       |    18 |     2 ||    20
  Eat: Chunk             |       |     8 |     7 |    19 ||    34
       Ration            |       |       |     1 |     2 ||     3
Armor: Scale mail        |    68 |    20 |       |   167 ||   255
       Plate armour      |       |    15 |    89 |       ||   104
       Chain mail        |       |       |    85 |    31 ||   116
Dodge: Dodged            |    45 |    27 |    59 |   126 ||   257
Block: Shield            |    75 |    55 |   133 |   271 ||   534

Table legend:
 A = Spawn XP
 B = Non-spawn XP
 C = Spawn XP percentage of total XP
 D = Spawn monster count
 E = Non-spawn monster count
 F = Spawn count percentage of total count
 G = Total turns spent on level
                    A         B        C        D         E        F      G
               +---------+---------+-------+---------+---------+-------+---------
         Total |       0 |   32152 |   0.0 |       0 |     304 |   0.0 | 13743
               +---------+---------+-------+---------+---------+-------+---------
           D:1 |       0 |      45 |   0.0 |       0 |      26 |   0.0 |   671
           D:2 |       0 |     143 |   0.0 |       0 |      47 |   0.0 |   824
           D:3 |       0 |     197 |   0.0 |       0 |      21 |   0.0 |   726
           D:4 |       0 |     312 |   0.0 |       0 |      13 |   0.0 |  1002
           D:5 |       0 |     452 |   0.0 |       0 |      13 |   0.0 |   981
           D:6 |       0 |    1797 |   0.0 |       0 |      29 |   0.0 |  1190
           D:7 |       0 |    1565 |   0.0 |       0 |      29 |   0.0 |  1092
           D:8 |       0 |    3610 |   0.0 |       0 |      17 |   0.0 |   787
           D:9 |       0 |    3637 |   0.0 |       0 |      17 |   0.0 |  1420
          D:10 |       0 |    1959 |   0.0 |       0 |      24 |   0.0 |   719
        Lair:1 |       0 |    3272 |   0.0 |       0 |      19 |   0.0 |  1218
        Lair:2 |       0 |    6683 |   0.0 |       0 |      24 |   0.0 |  1891
        Lair:3 |       0 |    8480 |   0.0 |       0 |      25 |   0.0 |  1145
               +---------+---------+-------+---------+---------+-------+---------
